 Dungeon Crawl Stone Soup version 0.31-a0-202-g547052bce9 (webtiles) character file.

Game seed: 18248489158306393789

136928 promet the Carver (level 17, -5/84 HPs)
             Began as a Vine Stalker Fighter on June 23, 2023.
             Was the Champion of Hepliaklqana.
             Slain by a large abomination (22 damage)
             ... on level 3 of the Abyss on June 26, 2023.
             The game lasted 05:40:25 (46356 turns).

promet the Carver (Vine Stalker Fighter)           Turns: 46356, Time: 05:40:25

Health: -5/84      AC: 16    Str: 26    XL:     17   Next: 22%
Magic:  0/24       EV: 16    Int:  7    God:    Hepliaklqana [******]
Gold:   199        SH:  0    Dex: 24    Spells: 16/16 levels left

rFire   . . .        a - +4 double sword (heavy)
rCold   x . .        (no shield)
rNeg    . . .        F - +0 swamp dragon scales
rPois   +            D - +0 helmet
rElec   .            i - +2 cloak
rCorr   .            G - +2 pair of gloves
SInv    +            p - +1 pair of boots
Will    ++...        Y - amulet of regeneration
Stlth   +++++        P - +6 ring of strength
HPRegen 1.94/turn    C - ring of see invisible
MPRegen 0.19/turn

%: guardian spirit
@: slowed, very slow
A: reduced essence, fangs 3, regeneration 1, magic shield, antimagic bite, no
potion heal 2, talons 1, agile 1, deformed body, sense surroundings 1, cold
vulnerability 1
a: Renounce Religion, Recall Ancestor, Ancestor Identity, Transference, Idealise


You were on level 3 of the Abyss.
You worshipped Hepliaklqana.
Hepliaklqana was exalted by your worship.
You visited 6 branches of the dungeon, and saw 26 of its levels.
You visited the Abyss 1 time.

You collected 2061 gold pieces.
You spent 1862 gold pieces at shops.

Inventory:

Hand Weapons
 a - a +4 heavy double sword (weapon)
 b - a +3 heavy orcbow
 c - the +6 dagger of Wondrous Power {flame, rF+ Int+3 SInv Stlth+}
   (You found it on level 5 of the Lair of Beasts)

   Int:       It affects your intelligence (+3).
   rF:        It protects you from fire.
   SInv:      It lets you see invisible.
   Stlth:     It makes you more stealthy.
 d - the +5 broad axe of the Golden God {flame, Int+4}
   (You found it on level 5 of the Lair of Beasts)

   Int:       It affects your intelligence (+4).
 f - a +1 spectral demon blade
 o - a +3 falchion of flaming
 u - a +5 battleaxe
 v - a +7 great sword of holy wrath
Missiles
 l - 3 throwing nets
 R - 8 poisoned darts
 U - 10 boomerangs
 W - 11 silver javelins
 Z - 2 curare-tipped darts (quivered)
Armour
 i - a +2 cloak (worn)
 p - a +1 pair of boots (worn)
 y - the +4 skin of Zhor {*Englaciate rC+++ SInv}
   (You found it on level 6 of the Dungeon)

   *Englaciate: It radiates cold, occasionally slowing all nearby creatures who
   are not resistant to cold.
   rC:        It renders you almost immune to cold.
   SInv:      It lets you see invisible.
 D - a +0 helmet (worn)
 F - +0 swamp dragon scales (worn)
 G - a +2 pair of gloves (worn)
 H - the +2 leather armour of Getsaegu {Slay+3}
   (You bought it in a shop on level 9 of the Dungeon)

   Slay:      It affects your accuracy & damage with ranged weapons and melee
   (+3).
 J - the +5 robe of Night {Dark Will+ SInv}
   (You found it on level 12 of the Dungeon)

   Dark:      It shrouds the wearer in darkness, reducing the range at which
   they can see and be seen by others.
   SInv:      It lets you see invisible.
   Will:      It increases your willpower.
 X - a +0 kite shield
Jewellery
 e - a ring of resist corrosion
 g - a +6 ring of intelligence
 h - a ring of poison resistance
 q - an amulet of reflection
 w - a ring of positive energy
 C - a ring of see invisible (right hand)
 K - a ring of protection from cold
 L - a ring of positive energy
 M - a ring of fire
 P - a +6 ring of strength (left hand)
 S - the ring of Eseck {Fire Dex+3 Stlth+}
   (You found it on level 5 of the Lair of Beasts)

   [ring of fire]

   It enhances your fire magic.
   Dex:       It affects your dexterity (+3).
   rF:        It protects you from fire.
   rC:        It makes you vulnerable to cold.
   Stlth:     It makes you more stealthy.
 Y - an amulet of regeneration (around neck)
Wands
 k - a wand of charming (24)
 A - a wand of iceblast (7)
 E - a wand of flame (26)
Scrolls
 n - a scroll of amnesia
 t - 3 scrolls of butterflies
 x - 10 scrolls of teleportation
 B - 2 scrolls of fog
Potions
 m - a potion of curing
 r - 2 potions of attraction
 s - 2 potions of heal wounds
 z - 4 potions of lignification
 I - a potion of magic
 N - a potion of haste
 Q - 3 potions of cancellation
 T - 2 potions of brilliance
 V - 4 potions of might


   Skills:
 * Level 12.6 Fighting
 + Level 13.9 Long Blades
 + Level 2.8 Axes
 + Level 10.2 Ranged Weapons
 + Level 3.8 Throwing
 + Level 9.0 Armour
 + Level 6.3 Dodging
 + Level 12.1 Stealth
 + Level 9.4 Shields
 + Level 8.1 Invocations
 + Level 3.8 Evocations


You had 16 spell levels left.
You didn't know any spells.
Your spell library contained the following spells:

 Spells                   Type           Power      Damage    Failure   Level
 Apportation              Tloc           0%         N/A       54%         1
 Beastly Appendage        Tmut           0%         N/A       54%         1
 Blink                    Tloc           0%         N/A       69%         2
 Ensorcelled Hibernation  Hex/Ice        0%         N/A       69%         2
 Lesser Beckoning         Tloc           0%         N/A       69%         2
 Momentum Strike          Conj/Tloc      0%         3d8       69%         2
 Wereblood                Tmut           0%         N/A       69%         2
 Gell's Gravitas          Tloc           0%         N/A       89%         3
 Hailstorm                Conj/Ice       0%         3d3       89%         3
 Ignite Poison            Fire/Tmut/Pois 0%         N/A       89%         3
 Inner Flame              Hex/Fire       0%         N/A       89%         3
 Spider Form              Tmut/Pois      0%         N/A       89%         3
 Teleport Other           Tloc           0%         N/A       89%         3
 Anguish                  Hex/Necr       0%         N/A       100%        4
 Flame Wave               Conj/Fire      0%         2d4       100%        4
 Ice Form                 Ice/Tmut       0%         N/A       100%        4
 Sticky Flame             Conj/Fire      0%         2d3       100%        4
 Alistair's Intoxication  Tmut/Pois      0%         N/A       100%        5
 Borgnjor's Vile Clutch   Necr/Erth      0%         N/A       100%        5
 Iskenderun's Battlesphe  Conj           0%         2d6       100%        5
 Eringya's Noxious Bog    Tmut/Pois      0%         N/A       100%        6
 Leda's Unmaking          Conj/Erth      0%         9d1       100%        6
 Simulacrum               Ice/Necr       0%         N/A       100%        6
 Spellforged Servitor     Conj/Summ      0%         N/A       100%        7
 Ignition                 Fire           0%         3d3       100%        8


Dungeon Overview and Level Annotations

Branches:
Dungeon (15/15)            Temple (0/1) D:7            Lair (5/5) D:8
  Swamp (2/4) Lair:3       Spider (1/4) Lair:2        Slime (0/5) Lair:5
    Orc (2/2) D:12            Elf (1/3) Orc:2        Vaults (0/5) D:13
 Depths (0/4) D:15

Altars:
Hepliaklqana
Nemelex Xobeh
Zin
Jiyva

Shops:
D:1 [   D:9 *   D:11 *   D:13 *(:*=   D:14 :   D:15 (**(   Orc:2 *=(*=

Annotations:
D:12 2 transporters, gebbletook2's ghost, journeyman VSFi
Lair:1 2 transporters, TrayleKats's ghost, journeyman DEAE


Innate Abilities, Weirdness & Mutations

Your life essence is reduced to manifest your ancestor. (-10% HP)
You have razor-sharp teeth.
Your natural rate of healing is unusually fast.
When hurt, damage is shared between your health and your magic reserves.
Your bite disrupts and absorbs the magic of your enemies.
Potions cannot restore your health.
You have sharp toenails.
You are agile. (Dex +4, Str/Int -1)
Armour fits poorly on your strangely shaped body.
You passively map a small area around you.
You are vulnerable to cold. (rC-)


Message History

You are engulfed in dark miasma.
The death drake bites you but does no damage.
You cut the death drake into ribbons!!! You bite the death drake!
You drain its power.
You feel invigorated.
The death drake is almost dead.
You are engulfed in dark miasma.
You are poisoned.
You feel yourself slow down.
You feel extremely sick.
The death drake bites you but does no damage.
You miss the death drake. You bite the death drake.
You kill the death drake!
You are engulfed in dark miasma.
* * * LOW HITPOINT WARNING * * *
Gaia emerges from the mists of memory!
You feel extremely sick.
You swap places.
You feel very sick.
Gaia points at the large abomination and mumbles some strange words.
The large abomination resists with almost no effort.
You see here a death drake corpse.
You feel very sick.
A starcursed mass comes into view.
You feel sick.
You swap places.
You feel sick.
You swap places.
You feel sick.
A starcursed mass comes into view.
A starcursed mass splits.
The large abomination misses you.
You slice the large abomination!!
You bite the large abomination, but do no damage.
The large abomination is heavily damaged.
You feel sick.
You are no longer poisoned.
Gaia barely misses the large abomination.
A starcursed mass splits.
A chorus of shrieks assaults your mind.
* * * LOW HITPOINT WARNING * * *
Gaia hits the large abomination with a +0 dagger of draining.
A starcursed mass splits.
The large abomination hits you!!
You die...

# § . .#.. .#
.# ...##.#.. .#
##.#.. .# # #
....# . #.
#.#.# #
.....####...##
#....#.#
#.#.#†#######
#XX@......#
#X#R......#
#.#....#..#
..#.......#
...#......XX.
#...#.####X.#..
.. #.. .....
#.. .##.


You could see the friendly Gaia the hexer, 5 starcursed masses and a large
abomination (ally target).

Vanquished Creatures
  A tentacled monstrosity (Swamp:1)
  Jorgrun (D:13)
  Frances (D:12)
  A storm dragon (D:12)
  2 fenstrider witches (Swamp:1)
  A very ugly thing (Abyss:3)
  The ghost of Piadonn the Severer, a journeyman MiBe of Trog (Orc:1)
  5 bunyips
  Snorg (Lair:4)
  A slime creature (D:14)
  Josephine (Lair:3)
  A vault guard (D:13)
  An ogre mage (D:13)
  8 hydras
  2 ghost crabs
  6 boulder beetles
  2 catoblepae (Lair:5)
  An alligator (Swamp:2)
  5 two-headed ogres
  5 centaur warriors
  A tengu warrior (D:12)
  4 death yaks
  2 vampire magi (Abyss:3)
  A thrashing horror (Abyss:3)
  A titan zombie (D:15)
  4 orc high priests
  A fire crab (D:12)
  Sonja (D:11)
  A skyshark (Lair:2)
  8 skeletal warriors
  3 spriggans (Swamp:2)
  3 goliath frogs (Swamp:1)
  A death drake (Abyss:3)
  2 golden dragon zombies (D:15)
  5 bog bodies
  A phantasmal warrior (D:15)
  A necromancer (D:15)
  3 orc knights
  3 deep elf pyromancers
  4 ugly things (D:15)
  5 cyclopes
  A wolf spider (Lair:2)
  3 manticores
  A will-o-the-wisp (Swamp:1)
  2 large abominations (Abyss:3)
  A frost giant skeleton (D:15)
  18 elephants
  3 smoke demons (Abyss:3)
  An orange demon (Abyss:3)
  2 gargoyles
  9 cane toads
  A kobold demonologist (D:9)
  3 rime drakes
  2 unseen horrors
  A cane toad (shapeshifter) (D:14)
  A freezing wraith (D:15)
  Maggie (D:9)
  4 komodo dragons
  4 yaktaurs (D:15)
  An efreet (D:13)
  4 trolls
  A burning bush (Lair:4)
  A bloated husk (Swamp:1)
  3 hornets
  A dream sheep (D:12)
  2 tyrant leeches (Swamp:1)
  6 blink frogs
  A tarantella (Spider:1)
  A ynoxinul (Abyss:3)
  A vampire (D:12)
  29 yaks
  A culicivora (Lair:2)
  2 wyverns
  4 shadows
  4 wraiths
  A basilisk (D:15)
  A chaos spawn (Abyss:3)
  3 vampire mosquitoes
  5 swamp worms
  A warg (Orc:1)
  2 acid dragons
  6 water moccasins
  4 hell hounds (Abyss:3)
  A hexer (D:15)
  A sky beast (D:7)
  An ice beast (D:5)
  27 orc warriors
  32 centaurs
  6 ogres
  12 wolves
  A gnoll sergeant (D:6)
  8 bullfrogs
  2 wights (D:7)
  11 killer bees
  2 electric eels
  2 howler monkeys
  A crimson imp (D:6)
  2 jellies (D:7)
  A gnoll bouda (D:4)
  13 orc priests
  A hound (D:6)
  A starcursed mass (Abyss:3)
  2 iguanas
  19 orc wizards
  4 hell rats
  A small abomination (Abyss:3)
  8 gnolls
  4 adders
  6 white imps
  3 ufetubi
  A worm (D:4)
  3 dart slugs
  65 orcs
  6 ball pythons
  9 endoplasms
  A giant cockroach (D:3)
  3 hobgoblins
  4 jackals
  A kobold (D:2)
  3 quokkas
  A bat (D:1)
  3 frilled lizards
  A rat (D:2)
518 creatures vanquished.

Vanquished Creatures (collateral kills)
  2 bunyips (Swamp:1)
  3 hydras
  A catoblepas (Lair:5)
  2 centaur warriors (D:15)
  2 boulder beetles
  2 two-headed ogres
  3 death yaks
  Urug (D:12)
  A skyshark (Lair:5)
  2 skeletal warriors
  A bog body (Swamp:1)
  A swamp dragon (Swamp:2)
  A spriggan druid (Swamp:1)
  3 deep elf pyromancers (Elf:1)
  An orc knight (Orc:1)
  2 ugly things
  A deep elf zephyrmancer (Elf:1)
  2 orc sorcerers
  4 manticores
  A shining eye (Abyss:3)
  3 black mambas
  7 elephants
  A torpor snail (Lair:4)
  4 cane toads
  3 komodo dragons
  2 rime drakes
  Psyche (D:9)
  An ancient zyme (Abyss:3)
  A burning bush (Lair:4)
  2 trolls
  2 polar bears (Lair:2)
  A tyrant leech (Swamp:1)
  2 hornets (Swamp:2)
  2 raiju (Abyss:3)
  2 dream sheep (D:12)
  3 blink frogs (Lair:1)
  2 slime creatures
  Sigmund (D:3)
  2 culicivoras (Lair:2)
  2 shadows
  A water elemental (D:14)
  A vampire (D:11)
  3 wraiths
  2 spriggans
  31 yaks
  A wyvern (D:9)
  A basilisk (Lair:3)
  A neqoxec (Abyss:3)
  2 vampire mosquitoes (D:15)
  A warg (Orc:1)
  2 swamp worms
  4 water moccasins
  10 orc warriors
  2 ogres
  8 wolves (Lair:2)
  3 centaurs
  A phantom (D:4)
  2 bullfrogs
  A gnoll sergeant (D:7)
  3 scorpions
  A wight (D:7)
  5 killer bees
  3 howler monkeys
  5 hounds
  A jelly (D:4)
  A gnoll bouda (D:6)
  7 orc priests
  2 iguanas
  A sleepcap (D:4)
  A hell rat (Lair:1)
  6 orc wizards
  6 gnolls
  3 adders
  9 white imps
  A worm (D:5)
  28 orcs
  An endoplasm (D:2)
  A goblin (D:3)
  2 hobgoblins
  A jackal (D:4)
  A quokka (D:3)
  3 ball pythons
  3 kobolds
  A butterfly (Swamp:1)
253 creatures vanquished.

Vanquished Creatures (others)
  61 hexers
  An ancestor (D:3)
  4 foxfires (Swamp:1)
  2 spectral weapons (D:12)
68 creatures vanquished.

Grand Total: 839 creatures vanquished

Notes
Turn   | Place    | Note
-------+----------+-------------------------------------------
     0 | D:1      | promet the Vine Stalker Fighter began the quest for the
                  | Orb.
     0 | D:1      | Reached XP level 1. HP: 11/11 MP: 2/2
    38 | D:1      | Found Fityofox's Armour Shop.
   344 | D:1      | Reached XP level 2. HP: 16/16 MP: 3/3
  1172 | D:1      | Found a faded altar of an unknown god.
  1179 | D:1      | Prayed at the altar of an unknown god.
  1179 | D:1      | Became a worshipper of Hepliaklqana the Forgotten
  1179 | D:1      | Reached * piety under Hepliaklqana
  1283 | D:2      | Reached XP level 3. HP: 13/18 MP: 4/4
  1325 | D:2      | Reached skill level 2 in Long Blades
  1329 | D:2      | Gained mutation: You passively map a small area around you.
                  | [potion of mutation]
  1329 | D:2      | Gained mutation: You have hidden genetic defects. [potion
                  | of mutation]
  1329 | D:2      | Gained mutation: You possess an exceptional clarity of
                  | mind. [potion of mutation]
  1537 | D:2      | Gained mutation: You occasionally lose the ability to read
                  | scrolls when taking damage. [hidden defects]
  1759 | D:3      | Noticed Sigmund
  1863 | D:3      | Gained mutation: Armour fits poorly on your strangely
                  | shaped body. [hidden defects]
  1863 | D:3      | Lost mutation: You have hidden genetic defects. [hidden
                  | defects expressed]
  1898 | D:3      | Gained mutation: Your natural rate of healing is unusually
                  | fast. [Vine Stalker growth]
  1898 | D:3      | Reached XP level 4. HP: 21/21 MP: 5/5
  2053 | D:3      | Killed Sigmund
  2054 | D:3      | Reached skill level 3 in Long Blades
  2054 | D:3      | Reached XP level 5. HP: 25/25 MP: 6/6
  2054 | D:3      | Reached XP level 6. HP: 28/28 MP: 7/7
  2068 | D:3      | Reached ** piety under Hepliaklqana
  2069 | D:3      | Remembered your ancestor Gaia as a hexer
  2809 | D:4      | Reached skill level 4 in Long Blades
  3036 | D:4      | Reached XP level 7. HP: 33/33 MP: 8/8
  3748 | D:4      | Reached skill level 1 in Stealth
  4067 | D:5      | Entered Level 5 of the Dungeon
  4224 | D:5      | Reached *** piety under Hepliaklqana
  4406 | D:5      | Reached skill level 5 in Long Blades
  4406 | D:5      | Gained mutation: You have razor-sharp teeth. [Vine Stalker
                  | growth]
  4406 | D:5      | Reached XP level 8. HP: 37/37 MP: 9/9
  5329 | D:6      | Reached skill level 5 in Armour
  5577 | D:6      | Reached skill level 6 in Long Blades
  5605 | D:6      | Identified the +4 ring mail of the Equator {rPois}
  5719 | D:6      | Reached skill level 5 in Fighting
  5817 | D:6      | Reached XP level 9. HP: 42/42 MP: 10/10
  5846 | D:6      | Found the +4 skin of Zhor {*Englaciate rC+++ SInv}
  5887 | D:6      | Reached skill level 1 in Dodging
  6517 | D:6      | Reached **** piety under Hepliaklqana
  6557 | D:6      | Reached skill level 7 in Long Blades
  6886 | D:7      | Found a staircase to the Ecumenical Temple.
  7355 | D:7      | Identified a scroll of acquirement
  7356 | D:7      | Acquired a ring of see invisible
  7963 | D:8      | Noticed a two-headed ogre
  7968 | D:8      | Killed a two-headed ogre
  7969 | D:8      | Reached skill level 8 in Long Blades
  7969 | D:8      | Reached skill level 1 in Throwing
  7969 | D:8      | Reached skill level 5 in Stealth
  7969 | D:8      | Reached XP level 10. HP: 47/47 MP: 11/11
  8506 | D:8      | Reached skill level 5 in Shields
  8669 | D:8      | Found a staircase to the Lair.
  8931 | D:8      | Found a glowing silver altar of Zin.
  8961 | D:8      | Reached ***** piety under Hepliaklqana
  9330 | D:9      | Noticed a kobold demonologist
  9345 | D:9      | Killed a kobold demonologist
  9357 | D:9      | Reached skill level 9 in Long Blades
  9437 | D:9      | Reached skill level 1 in Evocations
  9509 | D:9      | Noticed Psyche
  9521 | D:9      | Killed Psyche
  9533 | D:9      | Reached XP level 11. HP: 44/52 MP: 9/12
  9665 | D:9      | Found Obatru Duofo's Assorted Antiques.
  9682 | D:9      | Bought an ichor-stained leather armour for 168 gold pieces
  9682 | D:9      | Identified the +2 leather armour of Getsaegu {Slay+3} (You
                  | bought it in a shop on level 9 of the Dungeon)
  9692 | D:9      | Noticed Maggie
  9704 | D:9      | Killed Maggie
  9887 | D:9      | Noticed a two-headed ogre
  9898 | D:9      | Killed a two-headed ogre
 10176 | D:10     | Entered Level 10 of the Dungeon
 10207 | D:10     | Lost mutation: Armour fits poorly on your strangely shaped
                  | body. [potion of mutation]
 10207 | D:10     | Lost mutation: You possess an exceptional clarity of mind.
                  | [potion of mutation]
 10207 | D:10     | Lost mutation: You passively map a small area around you.
                  | [potion of mutation]
 10207 | D:10     | Gained mutation: You are vulnerable to cold. (rC-) [potion
                  | of mutation]
 10207 | D:10     | Gained mutation: Armour fits poorly on your strangely
                  | shaped body. [potion of mutation]
 10207 | D:10     | Gained mutation: Your system is resistant to poisons.
                  | (rPois) [potion of mutation]
 10208 | D:10     | Lost mutation: Your system is resistant to poisons. (rPois)
                  | [potion of mutation]
 10208 | D:10     | Lost mutation: You occasionally lose the ability to read
                  | scrolls when taking damage. [potion of mutation]
 10208 | D:10     | Gained mutation: You passively map a small area around you.
                  | [potion of mutation]
 10208 | D:10     | Gained mutation: You have sharp toenails. [potion of
                  | mutation]
 10208 | D:10     | Gained mutation: You are agile. (Dex +4, Str/Int -1)
                  | [potion of mutation]
 10494 | D:1      | Bought a +1 scale mail of cold resistance for 208 gold
                  | pieces
 11800 | Lair:1   | Entered Level 1 of the Lair of Beasts
 12948 | Lair:1   | Noticed a spriggan rider
 13144 | Lair:1   | Reached skill level 10 in Long Blades
 13416 | Lair:1   | Found a one-way gate to the infinite horrors of the Abyss.
 13416 | Lair:1   | Noticed TrayleKats's ghost (journeyman DEAE)
 13417 | Lair:1   | Noticed a brown ugly thing
 13418 | Lair:1   | Noticed a cacodemon
 13419 | Lair:1   | Noticed a rakshasa
 13545 | Lair:1   | Reached XP level 12. HP: 58/58 MP: 13/13
 13645 | Lair:1   | Found a transporter.
 13678 | Lair:1   | Found a transporter.
 13687 | Lair:1   | Noticed a thrashing horror
 13961 | Lair:2   | Reached skill level 1 in Invocations
 14261 | Lair:2   | Found a hole to the Spider Nest.
 14295 | Lair:2   | Found a gate leading to a gauntlet.
 14429 | Lair:2   | Noticed a skyshark
 14447 | Lair:2   | Killed a skyshark
 14670 | Lair:2   | Found a sparkling altar of Nemelex Xobeh.
 15023 | Lair:2   | Reached ****** piety under Hepliaklqana
 16021 | Lair:3   | Found a staircase to the Swamp.
 16024 | Lair:3   | Noticed an eight-headed hydra
 16032 | Lair:3   | Killed a five-headed hydra
 16156 | Lair:3   | Reached XP level 13. HP: 63/63 MP: 16/16
 16177 | Lair:3   | Acquired a +1 demon blade of freezing
 16278 | Lair:3   | Noticed Josephine
 16289 | Lair:3   | Killed Josephine
 16294 | Lair:3   | Reached skill level 11 in Long Blades
 17500 | Lair:4   | Reached skill level 5 in Invocations
 17944 | Lair:4   | Noticed Snorg
 17955 | Lair:4   | Killed Snorg
 19286 | Lair:4   | Reached skill level 5 in Dodging
 20588 | Lair:5   | Entered Level 5 of the Lair of Beasts
 20601 | Lair:5   | Reached skill level 10 in Fighting
 21083 | Lair:5   | Reached XP level 14. HP: 53/69 MP: 14/19
 21210 | Lair:5   | Reached skill level 10 in Stealth
 21471 | Lair:5   | Identified the +5 broad axe of the Golden God {flame,
                  | Int+4}
 21648 | Lair:5   | Reached skill level 12 in Long Blades
 23750 | Lair:5   | Reached skill level 1 in Axes
 23904 | Lair:5   | Identified the ring of Eseck {Fire Dex+3 Stlth+}
 23909 | Lair:5   | Identified the +6 dagger of Wondrous Power {flame, rF+
                  | Int+3 SInv Stlth+}
 24086 | Lair:5   | Found a viscous altar of Jiyva.
 24087 | Lair:5   | Found a staircase to the Slime Pits.
 24442 | D:11     | Found Peeh's Demolitions Depot.
 24555 | D:11     | Found a glowing silver altar of Zin.
 24555 | D:11     | Noticed an angel
 25134 | D:11     | You fall into a shaft and drop 2 floors!
 25747 | D:11     | Noticed Sonja
 25757 | D:11     | Killed Sonja
 26342 | D:12     | Noticed Urug
 26343 | D:12     | Noticed Frances
 26351 | D:12     | Killed Urug
 26366 | D:12     | Killed Frances
 26463 | D:12     | Found a staircase to the Orcish Mines.
 26737 | D:12     | Found a transporter.
 26738 | D:12     | Noticed gebbletook2's ghost (journeyman VSFi)
 26754 | D:12     | Found a transporter.
 26968 | D:12     | Found the +5 robe of Night {Dark Will+ SInv}
 27365 | D:12     | Reached XP level 15. HP: 73/73 MP: 21/21
 27437 | D:12     | Noticed a storm dragon
 27525 | D:12     | Killed a storm dragon
 28244 | Orc:1    | Entered Level 1 of the Orcish Mines
 28306 | Orc:1    | Reached skill level 1 in Ranged Weapons
 28500 | Orc:2    | Entered Level 2 of the Orcish Mines
 28771 | Orc:2    | Found a frozen archway.
 29115 | Orc:2    | Found Geptymum's CLEARANCE SALE!.
 29439 | Orc:2    | Found a staircase to the Elven Halls.
 30920 | Orc:2    | Found Dodd's General Store.
 30920 | Orc:2    | Found Oplaesen's Weapon Shoppe.
 30922 | Orc:2    | Found Loanaept's Jewellery Emporium.
 30924 | Orc:2    | Found Saoruluc's Jewellery Shop.
 30954 | Orc:2    | Bought a ring of protection from cold for 350 gold pieces
 31548 | Orc:1    | Found a runed translucent door.
 31548 | Orc:1    | Noticed Piadonn's ghost (journeyman MiBe)
 31688 | Orc:2    | Bought a +7 great sword of holy wrath for 730 gold pieces
 31781 | Orc:2    | Bought 2 potions of cancellation for 80 gold pieces
 32013 | D:13     | Found Voreh's Antique Weapon Shoppe.
 32195 | D:13     | Noticed Jorgrun
 32500 | D:13     | Killed Jorgrun
 32709 | D:13     | Found Veurchil's General Store.
 32986 | D:13     | Found Vuotacs's Jewellery Shoppe.
 33104 | D:13     | Acquired a +4 heavy double sword
 33201 | D:13     | Reached skill level 5 in Ranged Weapons
 33207 | D:13     | Reached skill level 13 in Long Blades
 33395 | D:13     | Found Hoena's Book Boutique.
 33414 | D:13     | Found Nucapn's Assorted Antiques.
 34434 | D:13     | Found a gate to the Vaults.
 36074 | D:14     | Found Haddegu's Book Shoppe.
 36103 | D:13     | HP: 3/74 [poisoned by a redback]
 37882 | D:14     | Reached XP level 16. HP: 69/79 MP: 23/23
 38254 | D:15     | Entered Level 15 of the Dungeon
 38716 | D:15     | Found Dithat Caexa's Antique Weapon Shoppe.
 38764 | D:15     | Found a sparkling altar of Nemelex Xobeh.
 39653 | D:15     | Found Viol's Assorted Antiques.
 39659 | D:15     | Bought a scroll of teleportation for 87 gold pieces
 39659 | D:15     | Bought a scroll labelled GULUAJ BONAWI for 29 gold pieces
 39876 | D:15     | Found Kaleraurr's Assorted Antiques.
 39884 | D:15     | Bought a scroll of enchant weapon for 210 gold pieces
 40078 | D:15     | Found Umilocly's Weapon Shoppe.
 40530 | D:15     | Found a staircase to the Depths.
 40759 | Orc:1    | Killed Piadonn's ghost
 40820 | Orc:1    | Upgraded the game from 0.31-a0-188-g5e087ee2ca to
                  | 0.31-a0-196-g86fe4a5e66
 41001 | Swamp:1  | Entered Level 1 of the Swamp
 41583 | Swamp:1  | Noticed a tentacled monstrosity
 41593 | Swamp:1  | Killed a tentacled monstrosity
 42263 | Swamp:1  | Noticed a fenstrider witch
 42276 | Swamp:1  | Killed a fenstrider witch
 43430 | Swamp:2  | Noticed a fenstrider witch
 43659 | Swamp:1  | Killed a fenstrider witch
 44192 | Swamp:2  | Upgraded the game from 0.31-a0-196-g86fe4a5e66 to
                  | 0.31-a0-202-g547052bce9
 44678 | Swamp:2  | Noticed a fenstrider witch
 45008 | Spider:1 | Entered Level 1 of the Spider Nest
 45463 | Elf:1    | Entered Level 1 of the Elven Halls
 45705 | Elf:1    | Reached XP level 17. HP: 83/83 MP: 24/24
 45836 | Abyss:3  | Cast into level 3 of the Abyss (+6 halberd of distortion)
 45947 | Abyss:3  | Noticed a bone dragon
 45984 | Abyss:3  | Reached skill level 10 in Ranged Weapons
 46100 | Abyss:3  | Paralysed by accursed screaming for 1 turns
 46356 | Abyss:3  | Slain by a large abomination

Illustrated notes

Levels and vault maps discovered:
D:1:      ncdulo_halloftheorcs, layout_basic, serial_shops, shop_statue,
          dilly_ecumenical_altar_fadedgnrine
D:2:      layout_basic
D:3:      layout_loops_ring, uniq_sigmund
D:4:      layout_basic, hangedman_minor_gate_pass
D:5:      layout_basic
D:6:      layout_loops_ring, serial_glass, glass_columns_a, glass_columns_b,
          minmay_misc_feat_ornament, grunt_ministairs_14, minmay_fire_ice_demons
D:7:      layout_loops_ring, minmay_temple_entry_waves,
          minmay_misc_feat_enclosed, minivault_4, dk_noncrumbling_3
D:8:      layout_layer_cave, old_standard_altar, dpeg_oklobed_lair
D:9:      layout_big_octagon, serial_shops, shop, uniq_psyche, uniq_maggie
D:10:     layout_basic
D:11:     layout_long_grid, hangedman_decor_peaks_small, nicolae_blasting_shop,
          zin_angel, uniq_sonja
D:12:     kennysheep_green_arena, layout_rooms, hiddenorc2_lemuel,
          gammafunk_ghost_berserking_beasts, hellmonk_guarded_unrand_night,
          uniq_urug, uniq_frances
D:13:     layout_loops_corners, david_vaults_5, serial_shops,
          nicolae_shop_real_fake_doors, kennysheep_mini, shop, shop,
          nicolae_shop_statue_plus, uniq_jorgrun
D:14:     layout_cave_pods, serial_shops, shop, minivault_4
D:15:     gammafunk_depths_entry_grave, layout_loops_ring,
          nemelex_xobeh_ov_fountains_minmay, serial_shops,
          nicolae_shop_bloodbath_and_beyond, nicolae_shop_hallway_stairs, shop,
          shop
Lair:1:   layout_chaotic_city, gammafunk_ghost_abyssal_escape,
          infiniplex_staircase_pool
Lair:2:   layout_roguey, hellmonk_spider_entry_life_and_decay,
          gauntlet_entry_generic, basic_altar, nicolae_quartered_pool_impasse
Lair:3:   layout_roguey, skrybe_swamp_entry_bodies,
          nicolae_lair_grove_arrangements, uniq_josephine
Lair:4:   layout_regular_city, evilmike_ambush [evilmike_ambush_outer_corners,
          evilmike_ambush_inner_cross], uniq_snorg
Lair:5:   evilmike_catoblepas_cave, layout_regular_city,
          dpeg_slime_entry_enclosed, infiniplex_staircase_pool_2
Swamp:1:  layout_basic_swamp, evilmike_swamp_ruin_house_1, swamp_pool3,
          nicolae_swamp_frolicking_bunyips
Swamp:2:  layout_basic_swamp, evilmike_swamp_ruin_rubble_2
Spider:1: layout_spider_delve
Orc:1:    layout_diamond_mine, gammafunk_ghost_grave
Orc:2:    st_orc_rangers, layout_diamond_mine, portal_ice_cave_entry_imps,
          nicolae_shop_clearance
Elf:1:    nicolae_elf_arrival_no_cutting_in_line, layout_gridlike, minivault_28
Abyss:3:  base: Depths:1, hangedman_steaming_rock, hangedman_decor_riveting,
          lemuel_flamethrower_3

Skill      XL: |  1  2  3  4  5  6  7  8  9 10 11 12 13 14 15 16 17 |
---------------+----------------------------------------------------+-----
Fighting       | 3 4 5 6 7 8 9 10 11 12 | 12.6
Shields        | 3 4 5 6 7 8 9 |  9.4
Long Blades    | 2 3 4 5 6 8 9 10 11 12 13 | 13.9
Armour         | 3 4 5 6 7 8 9 |  9.0
Stealth        | 1 5 6 8 9 10 11 12 | 12.1
Dodging        | 2 3 4 5 6 |  6.3
Throwing       | 1 2 3 |  3.8
Evocations     | 1 2 3 |  3.8
Invocations    | 3 6 7 8 |  8.1
Axes           | 1 2 |  2.8
Ranged Weapons | 6 9 10 | 10.2

Action                     |  1- 3 |  4- 6 |  7- 9 | 10-12 | 13-15 | 16-18 || total
---------------------------+-------+-------+-------+-------+-------+-------++-------
  Melee: Long sword        |    77 |    30 |   117 |       |       |       ||   224
         Bite              |    13 |     8 |    53 |   141 |   276 |    92 ||   583
         Falchion          |       |       |    85 |   369 |    24 |     7 ||   485
         Demon blade       |       |       |       |       |   482 |       ||   482
         Broad axe         |       |       |       |       |    11 |     9 ||    20
         Double sword      |       |       |       |       |    22 |   157 ||   179
         Great sword       |       |       |       |       |    20 |    23 ||    43
         Dagger            |       |       |       |       |     4 |       ||     4
         Punch             |       |       |       |       |     1 |     2 ||     3
         Orcbow            |       |       |       |       |     1 |       ||     1
   Fire: Orcbow            |       |       |       |       |   255 |   220 ||   475
  Throw: Stone             |     4 |     3 |       |     5 |       |       ||    12
         Throwing net      |       |     2 |       |       |     1 |       ||     3
         Javelin           |       |       |     2 |    21 |    27 |       ||    50
         Dart              |       |       |       |       |    13 |     2 ||    15
         Boomerang         |       |       |       |       |     8 |       ||     8
 Invoke: Recall Ancestor   |     1 |     1 |     2 |     1 |    14 |     4 ||    23
         Ancestor Life: He |       |     1 |       |       |       |       ||     1
         Ancestor Identity |       |       |       |       |     1 |       ||     1
         Idealise          |       |       |       |       |     2 |       ||     2
  Evoke: Wand              |       |       |     4 |     3 |    15 |     3 ||    25
    Use: Scroll            |     8 |     2 |    12 |     6 |    13 |     7 ||    48
         Potion            |     1 |       |       |     3 |    11 |     4 ||    19
   Stab: Confused          |       |     1 |     7 |    11 |    17 |     2 ||    38
         Distracted        |       |     1 |     3 |    16 |    18 |     2 ||    40
         Sleeping          |       |       |     3 |     1 |     1 |     1 ||     6
         Held in net/web   |       |       |     1 |       |       |       ||     1
         Paralysed         |       |       |       |       |     7 |    11 ||    18
 Armour: Scale mail        |     3 |       |       |    45 |   137 |       ||   185
         Chain mail        |    27 |    19 |    34 |       |       |       ||    80
         Animal skin       |       |       |    26 |    25 |       |       ||    51
         Robe              |       |       |       |       |    51 |    85 ||   136
         Swamp dragon scal |       |       |       |       |       |    58 ||    58
  Dodge: Dodged            |    37 |    15 |    60 |   115 |   312 |   273 ||   812
  Block: Buckler           |    15 |    16 |    90 |    49 |       |       ||   170
         Reflection        |       |     1 |     4 |     1 |     4 |       ||    10
         Kite shield       |       |       |       |   215 |   290 |       ||   505

Table legend: (Time is in decaauts)
 A = Elapsed time spent in this place.
 B = Non-inter-level travel time spent in this place.
 C = Inter-level travel time spent in this place.
 D = Time resting spent in this place.
 E = Time spent auto-exploring this place.
 F = Levels seen in this place.
 G = Mean time per level.
                   A        B        C        D        E       F      G
               +--------+--------+--------+--------+--------+-----+--------+
         Total |  47014 |  43556 |   3458 |  14279 |   5286 |  27 | 1741.3 |
       Dungeon |  25211 |  23019 |   2192 |   6790 |   3682 |  15 | 1680.7 |
          Lair |  12809 |  12005 |    804 |   4763 |   1090 |   5 | 2561.8 |
         Swamp |   4093 |   4004 |     89 |   1718 |    169 |   2 | 2046.5 |
   Spider Nest |     21 |     21 |      0 |      0 |      0 |   1 |   21.0 |
  Orcish Mines |   4098 |   3726 |    372 |    923 |    344 |   2 | 2049.0 |
   Elven Halls |    239 |    239 |      0 |     11 |      0 |   1 |  239.0 |
         Abyss |    540 |    540 |      0 |     73 |      0 |   1 |  540.0 |
               +--------+--------+--------+--------+--------+-----+--------+

Top non-repeatable levels by time:
    D:14: 3305 daAuts
  Lair:5: 3216 daAuts
   Orc:2: 3108 daAuts
  Lair:3: 3009 daAuts
 Swamp:1: 2978 daAuts
  Lair:4: 2961 daAuts
    D:12: 2763 daAuts
    D:15: 2440 daAuts
    D:13: 2199 daAuts
     D:8: 1958 daAuts
  Lair:1: 1907 daAuts
  Lair:2: 1714 daAuts
     D:9: 1680 daAuts
    D:11: 1662 daAuts
     D:5: 1568 daAuts
